 Dungeon Crawl Stone Soup version 0.30-a0-782-ge64f9170bb (webtiles) character file.

Game seed: 10611463706003144753

354 Dirian the Chopper (level 6, -4/53 HPs)
             Began as a Minotaur Fighter on Mar 9, 2023.
             Was a Believer of Trog.
             Slain by an ogre
             ... wielding a +0 giant club
              (13 damage)
             ... on level 4 of the Dungeon.
             The game lasted 00:04:49 (2663 turns).

Dirian the Chopper (Minotaur Fighter)               Turns: 2663, Time: 00:04:49

Health: -4/53      AC:  7    Str: 22    XL:     6   Next: 35%
Magic:  5/5        EV:  9    Int:  5    God:    Trog [**....]
Gold:   34         SH:  4    Dex: 10    Spells: 5/5 levels left

rFire   . . .      SeeInvis .    a - +0 war axe
rCold   . . .      Faith    .    c - +0 buckler
rNeg    . . .      Spirit   .    b - +0 scale mail
rPois   .          Reflect  .    (helmet restricted)
rElec   .          Harm     .    (no cloak)
rCorr   .          Rampage  .    (no gloves)
Will    .....                    (no boots) Stlth
                                 (no amulet)
HPRegen 0.28/turn                o - +4 ring of slaying
MPRegen 0.09/turn                (no ring)

@: no status effects
A: horns 2, retaliatory headbutt
a: Renounce Religion, Berserk, Trog's Hand


You were on level 4 of the Dungeon.
You worshipped Trog.
Trog was pleased with you.
You visited 1 branch of the dungeon, and saw 4 of its levels.

You collected 190 gold pieces.
You spent 156 gold pieces at shops.

Inventory:

Hand Weapons
 a - a +0 war axe (weapon)
 l - a +0 flail
Armour
 b - a +0 scale mail (worn)
 c - a +0 buckler (worn)
Jewellery
 f - a ring of fire
 o - a +4 ring of slaying (left hand)
Scrolls
 e - a scroll of vulnerability {unknown}
 h - a scroll of magic mapping
 i - 2 scrolls of torment
 p - a scroll of brand weapon
 r - a scroll of identify
 s - a scroll of noise {unknown}
 t - 2 scrolls of teleportation
Potions
 d - 4 potions of might
 g - a potion of lignification
 j - a potion of invisibility {unknown}
 k - a potion of haste {unknown}
 m - a potion of cancellation {unknown}
 n - a potion of berserk rage {unknown}
 q - a potion of heal wounds {unknown}
 u - a potion of mutation


   Skills:
 + Level 4.7 Fighting
 + Level 5.7 Axes
 + Level 5.5 Armour
 + Level 4.4 Shields


You had 5 spell levels left.
You didn't know any spells.
Your spell library was empty.

Dungeon Overview and Level Annotations

Branches:
Dungeon (4/15) Zot: 21282  Temple (0/1) D:4

Altars:
Elyvilon
Fedhas
Makhleb
Nemelex Xobeh
Ru
Trog
Wu Jian
The Shining One

Shops:
D:1 *


Innate Abilities, Weirdness & Mutations

You have a pair of horns on your head.
You reflexively headbutt those who attack you in melee.


Message History

No target in view!
No target in view!
No target in view!
No target in view!
An ogre comes into view. It is wielding a +0 giant club.
Found a mace.
The ogre shouts!
An ogre is nearby!
An ogre is nearby!
The ogre hits you with a +0 giant club.
You hit the ogre.
The ogre is lightly wounded.
The ogre barely misses you.
You barely miss the ogre.
The ogre is lightly wounded.
The ogre hits you with a +0 giant club!!
You are too injured to fight recklessly!
You are too injured to fight recklessly!
You are too injured to fight recklessly!
You are too injured to fight recklessly!
You are too injured to fight recklessly!
You are too injured to fight recklessly!
You are too injured to fight recklessly!
You are too injured to fight recklessly!
You are too injured to fight recklessly!
You are too injured to fight recklessly!
You are too injured to fight recklessly!
You are too injured to fight recklessly!
You are too injured to fight recklessly!
You are too injured to fight recklessly!
You slash the ogre! You headbutt the ogre!
The ogre is severely wounded.
You barely miss the ogre.
The ogre is severely wounded.
The ogre hits you with a +0 giant club!!
* * * LOW HITPOINT WARNING * * *
You slash the ogre!
The ogre is almost dead.
The ogre hits you with a +0 giant club!
You die...

.. ##.# ### #.#
... ..# ##.## ##
..# #.####... ..
#.# #..) ...#
#.###†## #..# ###
#.##...###..# ...
##....#......##.##
#@..#...###.....#
#...O.?....##
#.#####
#.###...##.#
#.###### ........#
#.......
####.#####
######## #.# ..#
###


You could see an ogre.

Vanquished Creatures
  A necrophage (D:3)
  A howler monkey (D:4)
  2 hounds
  An iguana (D:4)
  An orc wizard (D:3)
  3 gnolls (D:3)
  3 adders
  3 worms
  3 dart slugs
  6 orcs (D:3)
  5 ball pythons
  4 endoplasms
  3 giant cockroaches
  2 goblins
  5 hobgoblins (D:1)
  7 jackals
  2 quokkas (D:1)
  5 bats
  A frilled lizard (D:3)
  8 kobolds
  6 rats
72 creatures vanquished.

Vanquished Creatures (others)
  7 plants (D:1)
  6 withered plants (D:1)
13 creatures vanquished.

Grand Total: 85 creatures vanquished

Notes
Turn   | Place    | Note
-------+----------+-------------------------------------------
     0 | D:1      | Dirian the Minotaur Fighter began the quest for the Orb.
     0 | D:1      | Reached XP level 1. HP: 19/19 MP: 0/0
    98 | D:1      | Reached XP level 2. HP: 27/27 MP: 1/1
   106 | D:1      | Found a faded altar of an unknown god.
   130 | D:1      | Prayed at the altar of an unknown god.
   130 | D:1      | Became a worshipper of Trog the Wrathful
   130 | D:1      | Reached * piety under Trog
   245 | D:1      | Found Doklox's General Store.
   322 | D:1      | Reached XP level 3. HP: 30/33 MP: 2/2
   764 | D:2      | Found a sparkling altar of Nemelex Xobeh.
  1057 | D:2      | Reached ** piety under Trog
  1325 | D:3      | Found a blossoming altar of Fedhas.
  1326 | D:3      | Found an ornate altar of the Wu Jian Council.
  1329 | D:3      | Reached XP level 4. HP: 36/40 MP: 3/3
  1620 | D:3      | Reached XP level 5. HP: 28/47 MP: 4/4
  1782 | D:3      | Reached skill level 5 in Axes
  1782 | D:3      | Reached skill level 5 in Armour
  1808 | D:3      | Found a white marble altar of Elyvilon.
  1812 | D:3      | Found a burning altar of Makhleb.
  2083 | D:3      | Found a sacrificial altar of Ru.
  2083 | D:3      | Found a glowing golden altar of the Shining One.
  2369 | D:1      | Bought a potion of mutation for 96 gold pieces
  2369 | D:1      | Bought a potion of might for 48 gold pieces
  2369 | D:1      | Bought a potion of degeneration for 12 gold pieces
  2428 | D:4      | Reached XP level 6. HP: 53/53 MP: 5/5
  2496 | D:4      | Found a staircase to the Ecumenical Temple.
  2663 | D:4      | Slain by an ogre

Illustrated notes

Levels and vault maps discovered:
D:1:      dpeg_arrival_orchard, layout_loops_ring,
          shapermc_ecumenical_altar_flowoftime, serial_shops,
          nicolae_shop_advertising_works [nicolae_subvault_shop_adworks],
          minmay_split_cup_small
D:2:      layout_basic, basic_altar
D:3:      layout_rooms, mainiacjoe_overflow_divided_tiny,
          nicolae_overflow_hidden_temple, serial_curves, eino_curves_04,
          eino_curves_03, eino_curves_01, eino_curves_03,
          corexii_hall_statues_i, minivault_5, minmay_fractal_squares_5
D:4:      layout_loops_ring, general_overflow_altar,
          minmay_temple_entry_gardened_gates

Skill      XL: |  1  2  3  4  5 |
---------------+----------------+-----
Fighting       | 4 |  4.7
Shields        | 4 |  4.4
Armour         | 4 5 |  5.5
Axes           | 3 4 5 |  5.7

Action                     |  1- 3 |  4- 6 || total
---------------------------+-------+-------++-------
  Melee: War axe           |    72 |    69 ||   141
         Headbutt          |    13 |    11 ||    24
    Use: Potion            |       |     1 ||     1
         Scroll            |       |     5 ||     5
 Armour: Scale mail        |    31 |    30 ||    61
         Skin              |       |     9 ||     9
  Dodge: Dodged            |    33 |    25 ||    58
  Block: Buckler           |    23 |    13 ||    36

Table legend: (Time is in decaauts)
 A = Elapsed time spent in this place.
 B = Non-inter-level travel time spent in this place.
 C = Inter-level travel time spent in this place.
 D = Time resting spent in this place.
 E = Time spent auto-exploring this place.
 F = Levels seen in this place.
 G = Mean time per level.
                   A        B        C        D        E       F      G
               +--------+--------+--------+--------+--------+-----+--------+
         Total |   2716 |   2566 |    150 |    128 |   1974 |   4 |  679.0 |
       Dungeon |   2716 |   2566 |    150 |    128 |   1974 |   4 |  679.0 |
               +--------+--------+--------+--------+--------+-----+--------+

Top non-repeatable levels by time:
     D:3: 953 daAuts
     D:2: 852 daAuts
     D:1: 668 daAuts
     D:4: 241 daAuts
